 Dungeon Crawl Stone Soup version 0.31-a0-210-gccc998df9b (webtiles) character file.

Game seed: 12088738051763904284

1134 qw the Skirmisher (level 8, -3/49 HPs)
             Began as a Gargoyle Hexslinger on June 29, 2023.
             Engulfed by a steam dragon's steam (11 damage)
             ... on level 5 of the Dungeon.
             The game lasted 00:02:01 (5421 turns).

qw the Skirmisher (Gargoyle Hexslinger)             Turns: 5421, Time: 00:02:02

Health: -3/49      AC:  8    Str: 12    XL:     8   Next: 36%
Magic:  9/9        EV: 12    Int: 14    God:
Gold:   208        SH:  0    Dex: 14    Spells: 8/9 levels left

rFire   . . .        Y - +3 sling
rCold   . . .        (no shield)
rNeg    + . .        m - +0 leather armour
rPois   inf          (no helmet)
rElec   +            (no cloak)
rCorr   .            (no gloves)
SInv    .            (no boots)
Will    .....        (no amulet)
Stlth   +            (no ring)
HPRegen 0.28/turn    (no ring)
MPRegen 0.11/turn

%: no passive effects
@: about to teleport
A: sickness immunity, AC +5, negative energy resistance 1, electricity
resistance, torment resistance 1, petrification resistance
a: no special abilities


You were on level 5 of the Dungeon.
You visited 1 branch of the dungeon, and saw 5 of its levels.

You collected 208 gold pieces.


Innate Abilities, Weirdness & Mutations

You are immune to sickness and miasma.
Your stone body is resilient. (AC +5)
You are immune to poison.
You resist negative energy. (rN+)
You are resistant to electric shocks. (rElec)
You are resistant to unholy torment.
You are immune to petrification.


   Skills:
 - Level 5.3 Fighting
 + Level 8.1 Ranged Weapons
 - Level 2.0 Armour
 - Level 2.1 Dodging
 - Level 1.0 Spellcasting
 - Level 2.6 Hexes


You had 8 spell levels left.
You knew the following spells:

 Your Spells              Type           Power      Damage    Failure   Level
a - Slow                  Hex            32%        N/A       11%         1

Your spell library contained the following spells:

 Spells                   Type           Power      Damage    Failure   Level
 Inner Flame              Hex/Fire       4%         N/A       50%         3
 Portal Projectile        Hex/Tloc       8%         N/A       50%         3
 Cause Fear               Hex            4%         N/A       73%         4

Inventory:

Hand Weapons
 Y - a +3 sling (weapon)
Armour
 l - a +1 robe of willpower
 m - a +0 leather armour (worn)
 o - a +0 ring mail
Scrolls
 c - 3 scrolls of identify
 e - a scroll of enchant armour
Potions
 a - a potion of might
 b - a potion of curing
 d - 2 potions of attraction {unknown}
 f - a potion of cancellation {unknown}
 g - a potion of experience {unknown}
 h - a potion of degeneration {unknown}
 i - a potion of ambrosia {unknown}
 j - 2 potions of magic {unknown}
 k - 2 potions of enlightenment

Dungeon Overview and Level Annotations

Branches:
Dungeon (5/15)
 Temple: D:4-7

Altars:
Cheibriados
Elyvilon
Gozag
Makhleb
Nemelex Xobeh
Yredelemnul
Zin
The Shining One

Annotations:
D:3 1 runed translucent door, Pikel


Message History

The sling bullet hits the iguana but does no damage.
The iguana bites you!
You shoot a sling bullet. The sling bullet hits the iguana.
The iguana is moderately wounded.
The iguana barely misses you.
You shoot a sling bullet. The sling bullet hits the iguana.
The iguana is severely wounded.
The iguana bites you!
You shoot a sling bullet.
The sling bullet closely misses the iguana.
The iguana closely misses you.
You shoot a sling bullet. The sling bullet hits the iguana.
You kill the iguana!
You start resting.
HP restored.
You see here 2 stones.
A steam dragon comes into view.
The steam dragon hisses angrily.
Enter note:
Enter note:
Enter note:
Enter note:
Enter note:
Enter note: You shoot a sling bullet.
The sling bullet hits the steam dragon.
The steam dragon is lightly wounded.
The steam dragon bites you! The steam dragon completely misses you.
You shoot a sling bullet. The sling bullet hits the steam dragon.
The steam dragon is lightly wounded.
The steam dragon breathes steam at you. The ball of steam hits you!!
You shoot a sling bullet.
The sling bullet closely misses the steam dragon.
You are engulfed in a cloud of scalding steam.
The steam dragon bites you! The steam dragon claws you.
5421 ||| READING scroll of teleportation.
As you read the scroll of teleportation, it crumbles to dust.
You feel strangely unstable.
You are engulfed in a cloud of scalding steam.
You die...

###.~.# ##.# #.#####.## ##.
......# #..# #.......# #.
#####.# #.## #######.## ##.
##.# #.# ##.## ##.# #..# #.#
##.###.## #.## #.# ##....# #.#
#.################.# #.#
#.##.D.............# #.#
#.##@# ########## #.# #.##.#
#.# #.##.# #.# #.##.# #
####.########.##.# #
..............##(## #
.###.####.....#...# # .#
#...........)..###############
##
######.....##..........<.%....


You could see a steam dragon.

Vanquished Creatures
  Grinder (D:3)
  An ogre (D:4)
  4 lemures (D:4)
  3 phantoms
  3 scorpions (D:5)
  A howler monkey (D:4)
  A human zombie (D:3)
  3 hounds
  An iguana (D:5)
  Natasha (thrice) (D:2)
  3 gnolls (D:3)
  7 adders
  A white imp (D:5)
  3 worms (D:2)
  3 dart slugs
  8 orcs
  6 endoplasms
  7 giant cockroaches
  8 goblins
  11 hobgoblins
  7 jackals
  9 kobolds
  4 quokkas
  3 ball pythons
  3 bats (D:1)
  4 frilled lizards
  A jackal zombie (D:3)
  3 rats (D:1)
112 creatures vanquished.

Notes
Turn   | Place    | Note
-------+----------+-------------------------------------------
     0 | D:1      | qw the Gargoyle Hexslinger began the quest for the Orb.
     0 | D:1      | Reached XP level 1. HP: 12/12 MP: 2/2
     0 | D:1      | 0 ||| qw: Version: 0.3-a-24-g62f9e04
     0 | D:1      | 0 ||| qw: Game counter: 6699
     0 | D:1      | 0 ||| qw: Melee chars always use a shield: true
     0 | D:1      | 0 ||| qw: God list: Okawaru
     0 | D:1      | 0 ||| qw: Allow faded altars: false
     0 | D:1      | 0 ||| qw: Do Orc after clearing Dungeon:15 true
     0 | D:1      | 0 ||| qw: Do second Lair branch before Depths: true
     0 | D:1      | 0 ||| qw: Lair rune preference: random
     0 | D:1      | 0 ||| qw: Goals: Normal
     0 | D:1      | 0 ||| PLANNING D:1-11
   176 | D:1      | Reached XP level 2. HP: 16/16 MP: 3/3
   341 | D:1      | Reached skill level 3 in Ranged Weapons
   625 | D:1      | Reached XP level 3. HP: 21/21 MP: 4/4
   989 | D:1      | 989 ||| READING scroll labelled YSU WIUCIOTOGY.
   992 | D:1      | 992 ||| READING scroll labelled XANATA WASTINIYR.
   993 | D:1      | 993 ||| READING scroll labelled LECUNWYONU.
   994 | D:1      | 994 ||| DRINKING 3 emerald potions.
   995 | D:1      | 995 ||| DROPPING scroll of poison.
  1037 | D:2      | Found a burning altar of Makhleb.
  1149 | D:2      | HP: 5/21 [hobgoblin (2)]
  1177 | D:2      | 1177 ||| FLEEEEING.
  1178 | D:2      | 1178 ||| FLEEEEING.
  1179 | D:2      | 1179 ||| FLEEEEING.
  1254 | D:2      | Reached XP level 4. HP: 26/26 MP: 5/5
  1352 | D:2      | Noticed Natasha
  1359 | D:2      | Killed Natasha
  1360 | D:2      | Reached skill level 4 in Ranged Weapons
  1479 | D:2      | Noticed Natasha
  1489 | D:2      | Killed Natasha
  1490 | D:2      | Reached XP level 5. HP: 24/30 MP: 6/6
  1498 | D:2      | Noticed Natasha
  1503 | D:2      | Killed Natasha
  1504 | D:2      | Reached skill level 5 in Ranged Weapons
  1807 | D:2      | 1807 ||| READING scroll labelled HATESA INEDGH.
  1883 | D:3      | Reached skill level 3 in Fighting
  1895 | D:3      | Found a runed translucent door.
  1895 | D:3      | Noticed a human
  1989 | D:3      | Found a basalt altar of Yredelemnul.
  2009 | D:3      | Noticed Grinder
  2018 | D:3      | 2018 ||| FLEEEEING.
  2019 | D:3      | 2019 ||| FLEEEEING.
  2020 | D:3      | 2020 ||| FLEEEEING.
  2021 | D:3      | 2021 ||| FLEEEEING.
  2023 | D:3      | 2023 ||| FLEEEEING.
  2024 | D:3      | 2024 ||| FLEEEEING.
  2025 | D:3      | 2025 ||| FLEEEEING.
  2026 | D:3      | 2026 ||| FLEEEEING.
  2027 | D:3      | 2027 ||| FLEEEEING.
  2028 | D:3      | 2028 ||| FLEEEEING.
  2033 | D:3      | Paralysed by Grinder for 4 turns
  2045 | D:3      | Paralysed by Grinder for 5 turns
  2061 | D:3      | Killed Grinder
  2062 | D:3      | Reached skill level 6 in Ranged Weapons
  2062 | D:3      | Reached XP level 6. HP: 18/37 MP: 7/7
  2204 | D:3      | Reached XP level 7. HP: 38/42 MP: 8/8
  2231 | D:3      | 2231 ||| READING scroll of enchant weapon.
  2231 | D:3      | 2231 ||| ENCHANTING +2 sling.
  2962 | D:3      | 2962 ||| UPGRADING to +0 leather armour.
  2972 | D:3      | 2972 ||| DROPPING +0 robe.
  2973 | D:3      | 2973 ||| READING scroll labelled KILIGE GEZOUSCH.
  2974 | D:3      | 2974 ||| READING scroll labelled GOXUIHAEJY.
  3075 | D:3      | 3075 ||| READING scroll labelled CIPHATHOPHAL.
  3076 | D:3      | 3076 ||| DRINKING 2 purple potions.
  3157 | D:4      | Found a snail-covered altar of Cheibriados.
  3222 | D:4      | Reached skill level 7 in Ranged Weapons
  3372 | D:4      | Found a glowing silver altar of Zin.
  3372 | D:4      | Found a white marble altar of Elyvilon.
  3373 | D:4      | Found a glowing golden altar of the Shining One.
  3494 | D:4      | Reached skill level 8 in Ranged Weapons
  3558 | D:4      | Noticed Pikel
  3564 | D:4      | 3564 ||| FLEEEEING.
  3565 | D:4      | 3565 ||| FLEEEEING.
  3566 | D:4      | 3566 ||| FLEEEEING.
  3567 | D:4      | 3567 ||| FLEEEEING.
  3568 | D:4      | 3568 ||| FLEEEEING.
  3569 | D:4      | 3569 ||| FLEEEEING.
  3570 | D:4      | 3570 ||| STAIRDANCE
  3593 | D:3      | 3593 ||| DRINKING 2 lumpy inky potions.
  3596 | D:4      | 3596 ||| STAIRDANCE
  3608 | D:3      | HP: 5/43 [Pikel/+2 whip of electrocution (7)]
  3609 | D:3      | 3609 ||| READING scroll of teleportation.
  3609 | D:3      | HP: 1/43 [Pikel/+2 whip of electrocution (5)]
  3610 | D:3      | 3610 ||| DRINKING potion of heal wounds.
  4583 | D:4      | 4583 ||| DRINKING 2 white potions.
  4698 | D:5      | Entered Level 5 of the Dungeon
  4725 | D:5      | Reached XP level 8. HP: 45/48 MP: 9/9
  4867 | D:5      | Found the +12 glaive of Prune {freeze, Prune}
  5071 | D:5      | Found an opulent altar of Gozag.
  5247 | D:5      | Found a sparkling altar of Nemelex Xobeh.
  5420 | D:5      | HP: 11/49 [steam dragon (9)]
  5421 | D:5      | 5421 ||| READING scroll of teleportation.
  5421 | D:5      | Engulfed by a steam dragon's steam

Levels and vault maps discovered:
D:1:      matt_arrival_spirals, layout_loops_corners, minmay_unequal
D:2:      layout_basic, basic_altar, grunt_decor_fettered, uniq_natasha
D:3:      layout_basic, dk_yredelemnul_ordeal, uniq_grinder
D:4:      layout_basic, good_gods_mini_temple, kennysheep_slug_shrine,
          uniq_pikel
D:5:      layout_loops_ring, mainiacjoe_overflow_tiny_flanked,
          mainiacjoe_overflow_catch_the_wave, serial_bayou_pond_d, uniq_menkaure

Skill      XL: |  1  2  3  4  5  6  7  8 |
---------------+-------------------------+-----
Ranged Weapons | 3 4 6 8 |  8.1
Fighting       | 2 3 4 5 |  5.3
Armour         | 2 |  2.0
Dodging        | 2 |  2.1
Spellcasting   | |  1.0
Hexes          | |  2.6

Action                     |  1- 3 |  4- 6 |  7- 9 || total
---------------------------+-------+-------+-------++-------
   Fire: Sling             |   130 |   122 |   256 ||   508
    Use: Scroll            |     3 |     1 |     6 ||    10
         Potion            |     1 |       |     4 ||     5
 Armour: Robe              |    22 |    11 |     4 ||    37
         Leather armour    |       |       |    28 ||    28
  Dodge: Dodged            |    45 |    23 |    53 ||   121

Table legend:
 A = Non-vault XP
 B = Vault XP
 C = Vault XP percentage of total XP
 D = Non-vault monster count
 E = Vault monster count
 F = Vault count percentage of total count
                 A         B        C        D         E       F
            +---------+---------+-------+---------+---------+-------
      Total |    1265 |     356 |  22.0 |     100 |       8 |   7.4
            +---------+---------+-------+---------+---------+-------
        D:1 |      36 |       5 |  12.2 |      24 |       3 |  11.1
        D:2 |     141 |      33 |  19.0 |      22 |       1 |   4.3
        D:3 |     259 |     314 |  54.8 |      29 |       3 |   9.4
        D:4 |     362 |       4 |   1.1 |      13 |       1 |   7.1
        D:5 |     467 |       0 |   0.0 |      12 |       0 |   0.0
            +---------+---------+-------+---------+---------+-------
